Map: Echo LE (Void)

Players

Pollux

  • Race: Zerg Zerg
  • League: Diamond
  • Spawn Location: 11:00

DarkMinions - Winner!

  • Race: Zerg Zerg
  • League: Diamond
  • Spawn Location: 5:00

Event: The PiG Daily 96

VOD

https://www.youtube.com/watch?v=uJTWIBOOu4I

Description

Time

  • Played on: Dec. 2, 2016, 4:21 p.m.
  • Length: 14:50
Show
View Real Time Build Order
Export as new Build Order

Pollux Zerg 

Build Orders: Pool First, Zergling Baneling 

Get SALT Encoding   

  12  0:02  Drone  
  13  0:12  Overlord  
  13  0:17  Drone  
  14  0:31  Drone x2  
  14  0:34  Drone  
  17  0:38  Extractor  
  16  0:45  Drone  
  17  0:55  Spawning Pool  
  16  0:58  Drone  
  17  1:08  Drone  
  18  1:21  Overlord  
  18  1:42  Metabolic Boost  
  18  1:43  Hatchery  
  18  1:44  Zergling x4  
  19  1:56  Queen  
  19  1:57  Drone  
  22  2:04  Drone  
  23  2:13  Drone  
  24  2:22  Drone  
  25  2:34  Queen  
  25  2:35  Drone  
  28  2:43  Drone  
  29  2:55  Overlord  
  29  2:56  Baneling Nest  
  27  2:59  Queen  
  27  3:03  Overlord  
  29  3:11  Zergling x8  
  33  3:16  Drone  
  34  3:26  Drone x2  
  36  3:38  Drone  
  36  3:39  Drone x4  
  41  3:45  Baneling x2  
  41  3:47  Baneling x2  
  41  3:48  Baneling x2  
  41  3:49  Drone x2  
  41  3:52  Overlord  
  40  4:19  Drone  
  40  4:20  Drone x4  
  44  4:26  Roach Warren, Zergling x2, Evolution Chamber  
  44  4:27  Zergling x8  
  44  4:28  Spine Crawler  
  44  4:31  Drone  
  46  4:34  Drone x3  
  49  4:45  Baneling  
  49  4:46  Baneling  
  49  4:55  Zerg Missile Weapons Level 1  
  46  5:07  Zergling x2  
  46  5:08  Baneling, Drone x2  
  49  5:15  Extractor  
  49  5:16  Baneling x2, Extractor  
  49  5:18  Lair  
  47  5:22  Roach x2  
  47  5:23  Overlord x3  
  51  5:42  Extractor  
  50  5:47  Roach x4  
  50  5:49  Hatchery  
  57  5:54  Drone  
  57  5:55  Drone x6  
  57  5:56  Overlord x2  
  64  6:04  Evolution Chamber  
  63  6:09  Roach x2  
  64  6:14  Drone  
  65  6:21  Roach x6  
  77  6:32  Zerg Ground Armor Level 1  
  77  6:57  Roach  
  77  6:58  Roach x8  
  88  7:05  Burrow  
  86  7:21  Overseer  
  86  7:22  Hatchery  
  85  7:27  Zerg Missile Weapons Level 2  
  85  7:37  Roach  
  85  7:38  Roach x2  
  85  7:40  Overlord x3  
  91  7:46  Glial Reconstitution  
  89  8:04  Roach  
  89  8:05  Roach x6  
  99  8:21  Roach x6  
  99  8:30  Queen  
  85  8:35  Roach x4  
  85  8:41  Queen, Roach x2  
  83  8:45  Roach x4  
  83  8:48  Roach x5  
  72  8:52  Roach x2  
  72  8:53  Roach  
  68  9:03  Roach x3  
  74  9:11  Roach x5  
  82  9:20  Drone x3  
  85  9:32  Drone x3  
  88  9:40  Ravager x4  
  88  9:44  Drone x3  
  95  9:56  Roach x3  
  101  10:04  Roach x3  
  97  10:21  Roach  
  97  10:22  Roach x5  
  97  10:23  Roach  
  111  10:34  Roach x4  
  119  10:36  Drone  
  119  10:37  Drone  
  121  10:45  Unknown  
  118  10:53  Roach x2  
  122  11:00  Roach  
  122  11:02  Roach x2  
  122  11:03  Roach  
  110  11:06  Roach x3  
  110  11:09  Roach x2  
  97  11:18  Roach  
  97  11:19  Roach x3  
  97  11:22  Roach  
  99  11:31  Roach x2  
  99  11:32  Zergling x8  
  91  11:51  Roach  
  91  11:52  Roach x5  
  97  12:07  Roach x4  
  103  12:10  Roach  
  99  12:16  Roach  
  101  12:23  Roach x2  
  94  12:35  Roach  
  94  12:36  Roach  
  90  12:37  Roach x5  
  90  12:43  Roach x2  
  83  12:56  Roach x2  
  69  13:07  Drone x2  
  71  13:16  Roach x2  
  75  13:22  Hatchery  
  75  13:23  Roach x2  
  75  13:26  Extractor  
  75  13:27  Extractor  
  74  13:38  Drone x2  
  80  13:48  Roach x2  
  72  13:57  Overseer  
  72  14:01  Roach x3  
  72  14:02  Zergling x4  
  76  14:15  Roach  
Show
View Real Time Build Order
Export as new Build Order

DarkMinions Zerg - Winner!

Build Orders: Hatch First, Swarm Host 

Get SALT Encoding   

  12  0:01  Drone  
  13  0:12  Drone  
  14  0:18  Overlord  
  14  0:26  Extractor  
  14  0:28  Drone  
  14  0:29  Drone, Extractor  
  16  0:38  Drone  
  17  0:45  Drone  
  18  0:57  Hatchery  
  18  1:02  Drone  
  18  1:08  Drone  
  19  1:15  Spawning Pool  
  19  1:18  Drone  
  19  1:24  Extractor  
  18  1:30  Drone  
  19  1:39  Overlord  
  19  1:50  Drone  
  20  2:02  Queen  
  20  2:04  Zergling x2  
  23  2:14  Queen  
  25  2:16  Hatchery  
  24  2:23  Zergling x4  
  24  2:24  Zergling x2  
  27  2:31  Zergling x4  
  29  2:37  Metabolic Boost  
  28  2:45  Drone  
  28  2:46  Drone  
  30  2:52  Drone  
  31  3:00  Drone x2  
  33  3:07  Roach Warren  
  33  3:08  Drone x2  
  34  3:14  Overlord  
  34  3:21  Drone x2  
  36  3:30  Overlord x2  
  36  3:32  Zergling x2  
  37  3:35  Zergling x2  
  38  3:43  Drone x3  
  38  3:44  Drone  
  42  3:53  Extractor  
  42  3:55  Zergling x10  
  46  4:02  Drone  
  46  4:03  Drone x2  
  48  4:14  Zergling x2  
  48  4:15  Zergling x10  
  50  4:19  Spine Crawler  
  50  4:22  Roach  
  51  4:28  Drone x3  
  51  4:29  Drone  
  54  4:34  Overlord  
  54  4:44  Drone x3  
  57  4:45  Overlord  
  57  4:55  Roach x3  
  58  5:10  Roach x6  
  67  5:17  Lair  
  67  5:22  Drone x3  
  70  5:29  Drone x3  
  70  5:31  Overlord  
  73  5:38  Baneling Nest  
  73  5:39  Drone  
  73  5:42  Overlord  
  73  5:51  Drone x5  
  73  5:52  Evolution Chamber  
  73  5:55  Queen  
  79  6:11  Roach x5  
  89  6:13  Overlord  
  89  6:15  Glial Reconstitution  
  89  6:18  Overlord x2  
  89  6:20  Drone  
  89  6:23  Overlord  
  90  6:26  Zerg Missile Weapons Level 1  
  90  6:41  Roach x8  
  106  6:48  Zergling x10  
  106  6:49  Zergling x4  
  113  6:56  Overlord  
  113  6:58  Infestation Pit  
  113  6:59  Extractor  
  113  7:00  Extractor  
  99  7:06  Roach x4  
  107  7:15  Zergling x6  
  104  7:19  Drone  
  105  7:24  Roach x4  
  105  7:29  Overlord x3  
  113  7:32  Drone  
  113  7:33  Drone  
  113  7:34  Drone x4  
  119  7:39  Drone  
  120  7:46  Centrifical Hooks  
  120  7:53  Zergling x12  
  120  7:56  Baneling  
  120  7:57  Baneling x7  
  119  8:06  Roach x4  
  119  8:09  Overlord x2  
  116  8:33  Roach x9  
  115  8:48  Zergling x18  
  117  8:49  Queen  
  109  8:56  Roach x4  
  109  9:05  Roach x3  
  111  9:18  Hatchery  
  111  9:20  Roach x3  
  112  9:29  Evolution Chamber  
  112  9:30  Zerg Missile Weapons Level 2  
  112  9:31  Nydus Network  
  110  9:33  Drone x2  
  110  9:34  Extractor x2  
  110  9:35  Drone x3  
  110  9:36  Drone x2  
  110  9:37  Drone  
  110  9:38  Overlord x3  
  116  9:41  Drone x2  
  116  9:45  Zergling x2  
  119  9:46  Unknown x2  
  119  9:50  Overseer  
  119  9:52  Overlord  
  119  9:53  Drone  
  120  10:01  Zerg Ground Armor Level 1  
  120  10:07  Swarm Host  
  120  10:08  Swarm Host x3  
  120  10:09  Swarm Host  
  125  10:22  Roach x7  
  137  10:31  Roach x5  
  145  10:52  Roach x5  
  145  10:53  Roach x4  
  161  11:02  Roach x3  
  161  11:03  Roach x3  
  152  11:08  Nydus Canal  
  152  11:09  Roach  
  152  11:10  Roach x3  
  138  11:17  Zergling x4  
  118  11:26  Roach  
  118  11:27  Roach x4  
  114  11:38  Roach  
  114  11:39  Roach x2  
  113  11:49  Roach x3  
  114  11:55  Roach x6  
  114  11:56  Roach x2  
  130  12:02  Roach x5  
  128  12:09  Roach  
  128  12:10  Roach  
  119  12:16  Roach x2  
  104  12:24  Roach x6  
  95  12:31  Roach x2  
  94  12:40  Roach x2  
  86  12:52  Roach x2  
  86  13:09  Roach x3  
  89  13:25  Roach x2  
  93  13:29  Drone x2  
  93  13:32  Drone  
  94  13:46  Roach  
  94  13:47  Roach  
  98  13:59  Roach  
  98  14:00  Roach x3  
  106  14:09  Nydus Canal  
  106  14:11  Zergling x6  
Tags
 
Add a new tag
Caveats
  • Supply blocks, unpowered buildings, or Contaminate may cause inaccurate times.
  • Supply counts are checked every 10 seconds.